 Dungeon Sprint DCSS version 0.28-a0-1234-g826d19b2e0 (webtiles) character file.

Game seed: 16215331133801343916

6533 rocky1 the End of an Era (level 10, -9/129 HPs)
             Began as a Demonspawn Fighter on Dec 24, 2021.
             Was the Champion of Qazlal.
             Succumbed to a guardian serpent's bolt of poison
             ... in the Dungeon (Sprint VII: "The Pits").
             The game lasted 00:10:09 (2102 turns).

rocky1 the End of an Era (Demonspawn Fighter)       Turns: 2102, Time: 00:10:10

Health: -9/129     AC: 26    Str: 21    XL:     10   Next: 69%
Magic:  7/19       EV: 12    Int:  9    God:    Qazlal [******]
Gold:   0          SH: 14    Dex: 13    Spells: 9/9 levels left

rFire   . . .      SeeInvis .   a - +1 broad axe (freeze)
rCold   . . .      Faith    .   c - +0 buckler
rNeg    . . .      Spirit   .   q - +4 chain mail
rPois   .          Reflect  .   (helmet restricted)
rElec   .          Harm     .   r - +0 cloak
rCorr   .          Rampage  .   (no gloves)
Will    .....      NoTele   +   (no boots)
Stlth   ..........              (no amulet)
HPRegen 0.31/turn               o - +3 ring of protection
MPRegen 0.16/turn               p - +3 ring of protection

@: berserking (expiring), lethally poisoned (-9 -> -48), protected from physical
damage, slowed, repel missiles
A: horns 2, icemail 1, sturdy frame 1, condensation shield, demonic magic 1
a: Renounce Religion, Upheaval, Elemental Force, Disaster Area


You were in the Dungeon.
You worshipped Qazlal.
Qazlal was exalted by your worship.
You visited 1 branch

Inventory:

Hand Weapons
 a - a +1 broad axe of freezing (weapon)
 n - a +2 falchion
Missiles
 b - 2 throwing nets (quivered)
Armour
 c - a +0 buckler (worn)
 q - a +4 chain mail (worn)
 r - a +0 cloak (worn)
Jewellery
 o - a +3 ring of protection (left hand)
 p - a +3 ring of protection (right hand)
Scrolls
 l - 5 scrolls of amnesia
 m - a scroll of summoning
Potions
 d - 3 potions of might
 e - 8 potions of curing
 f - 13 potions of heal wounds
 g - a potion of haste
 h - 4 potions of magic
 k - 2 potions of invisibility


   Skills:
 + Level 10.8 Fighting
 + Level 9.7 Long Blades
 + Level 6.5 Axes
 + Level 9.9 Armour
 + Level 9.4 Dodging
 + Level 10.2 Shields
 + Level 13.1 Invocations


You had 9 spell levels left.
You didn't know any spells.
Your spell library was empty.

Dungeon Overview and Level Annotations

Branches:
Dungeon (1/1)

Altars:
Ashenzari
Cheibriados
Dithmenos
Elyvilon
Fedhas
Gozag
Hepliaklqana
Kikubaaqudgha
Makhleb
Nemelex Xobeh
Okawaru
Qazlal
Ru
Sif Muna
Trog
Uskayaw
Vehumet
Wu Jian
Xom
Yredelemnul
Zin
The Shining One
Beogh
Jiyva
Lugonu


Innate Abilities, Weirdness & Mutations

You have a pair of horns on your head.
A meltable icy envelope protects you from harm. (AC +0)
Your movements are slightly less encumbered by armour. (ER -2)
A meltable shield of frost defends you. (SH +0)
Spells you cast may paralyse adjacent enemies.


Message History

Reactivating autopickup.
You feel a bit more experienced. The guardian serpent hits you.
You feel more protected from physical attacks.
You block the hell hog's attack.
Your Invocations skill increases to level 13!
You closely miss the guardian serpent.
The guardian serpent is lightly wounded.
You closely miss the hell hog. You barely miss the hell hog.
The hell hog bites you!
The guardian serpent coils itself and waves its upper body at you.
The bolt of poison hits you!
You are poisoned.
You block the hell hog's attack.
The hell hog bites you but does no damage.
The guardian serpent hits you. The hell hog bites you!
* * * LOW HITPOINT WARNING * * *
You slice the guardian serpent!! You freeze the guardian serpent.
The guardian serpent is heavily wounded.
You completely miss the hell hog. You barely miss the hell hog.
You feel very sick.
The hell hog is struck by lightning.
The hell hog barely misses you.
The guardian serpent coils itself and waves its upper body at you.
The bolt of poison hits you!
You are more poisoned.
* * * LOW HITPOINT WARNING * * *
The hell hog bites you but does no damage.
The hell hog is struck by lightning.
The hell hog barely misses you.
The guardian serpent coils itself and waves its upper body at you.
The bolt of poison hits you!!
You are more poisoned.
* * * LOW HITPOINT WARNING * * *
Unknown command.
You slash the guardian serpent! You freeze the guardian serpent.
Your headbutt misses the guardian serpent.
The guardian serpent is severely wounded.
You slash the hell hog! You freeze the hell hog. You slash the hell hog!
You freeze the hell hog.
You kill the hell hog!
Qazlal accepts your kill.
You die...

##''######
##)'############
##......+..'...###
##.†....+..'.....##
##†....##..##.....## #
##...###....###....# .#
##..##........###.### §#
##''#...#..#..°#)S..#..#
##.............§@§○.'..+
##++#...#..#..°#h)).#..#
##..##........###≈### .#
##...###....###.)..# .#
##.....##.)##).)..## # #
#.)..÷'..)...).## #
###...'..'...### #
############


You could see a hell hog and a guardian serpent.

Vanquished Creatures
  Harold (D)
  3 hell hogs (D)
  A shadow wraith (D)
  Pikel (D)
  An elephant (D)
  A merfolk siren (D)
  A smoke demon (D)
  A komodo dragon (D)
  A snapping turtle (D)
  A hornet (D)
  Prince Ribbit (D)
  3 small abominations (D)
  A spriggan (D)
  2 shadows (D)
  A flying skull (D)
  A wyvern (D)
  Duvessa (D)
  2 floating eyes (D)
  2 centaurs (D)
  A lemure (D)
  5 wolves (D)
  A gnoll sergeant (D)
  2 scorpions (D)
  Dowan (D)
  A killer bee (D)
  A crimson imp (D)
  An iguana (D)
  5 gnolls (D)
  A river rat (D)
  2 bat skeletons (D)
  3 endoplasms (D)
  8 jackals (D)
  2 quokkas (D)
  A ball python (D)
  A giant cockroach simulacrum (D)
  A goblin (D)
  A kobold (D)
64 creatures vanquished.

Vanquished Creatures (others)
  A gnoll (D)
1 creature vanquished.

Grand Total: 65 creatures vanquished

Notes
Turn   | Place    | Note
-------+----------+-------------------------------------------
     0 | D        | rocky1 the Demonspawn Fighter began the quest for the Orb.
     0 | D        | Reached XP level 1. HP: 18/18 MP: 1/1
   149 | D        | Found a bloodstained altar of Trog.
   149 | D        | Found a shimmering blue altar of Sif Muna.
   149 | D        | Found a viscous altar of Jiyva.
   149 | D        | Found a hazy altar of Hepliaklqana.
   149 | D        | Found an opulent altar of Gozag.
   150 | D        | Found a basalt altar of Yredelemnul.
   150 | D        | Found a shimmering altar of Xom.
   150 | D        | Found an ornate altar of the Wu Jian Council.
   150 | D        | Found a sacrificial altar of Ru.
   150 | D        | Found a stormy altar of Qazlal.
   150 | D        | Found an iron altar of Okawaru.
   150 | D        | Found a sparkling altar of Nemelex Xobeh.
   150 | D        | Found a burning altar of Makhleb.
   150 | D        | Found a blossoming altar of Fedhas.
   150 | D        | Found a shadowy altar of Dithmenos.
   150 | D        | Found a snail-covered altar of Cheibriados.
   152 | D        | Found a radiant altar of Vehumet.
   152 | D        | Found a corrupted altar of Lugonu.
   153 | D        | Found a hide-covered altar of Uskayaw.
   153 | D        | Found an ancient bone altar of Kikubaaqudgha.
   153 | D        | Found a broken altar of Ashenzari.
   157 | D        | Became a worshipper of Qazlal Stormbringer
   195 | D        | Noticed a scorpion
   198 | D        | Killed a scorpion
   199 | D        | Reached skill level 3 in Invocations
   199 | D        | Gained mutation: Your movements are slightly less
                  | encumbered by armour. (ER -2) [demonic ancestry]
   199 | D        | Reached XP level 2. HP: 25/25 MP: 1/4
   199 | D        | Gained mutation: You have a pair of small horns on your
                  | head. [demonic ancestry]
   199 | D        | Reached XP level 3. HP: 30/30 MP: 1/5
   240 | D        | Reached * piety under Qazlal
   310 | D        | Noticed a floating eye
   311 | D        | Paralysed by a floating eye for 4 turns
   315 | D        | Killed a floating eye
   316 | D        | Reached skill level 5 in Fighting
   316 | D        | Reached skill level 5 in Invocations
   316 | D        | Gained mutation: A meltable shield of frost defends you.
                  | (SH +0) [demonic ancestry]
   316 | D        | Reached XP level 4. HP: 39/39 MP: 5/7
   316 | D        | Gained mutation: You have a pair of horns on your head.
                  | [demonic ancestry]
   316 | D        | Reached XP level 5. HP: 44/44 MP: 5/8
   446 | D        | Reached ** piety under Qazlal
   538 | D        | Reached *** piety under Qazlal
   539 | D        | Reached skill level 5 in Shields
   540 | D        | Noticed Prince Ribbit
   549 | D        | Reached **** piety under Qazlal
   563 | D        | Killed Prince Ribbit
   564 | D        | Reached skill level 5 in Long Blades
   564 | D        | Reached skill level 5 in Armour
   564 | D        | Reached skill level 7 in Invocations
   564 | D        | Reached XP level 6. HP: 53/53 MP: 6/11
   568 | D        | Reached ***** piety under Qazlal
   719 | D        | Reached skill level 5 in Dodging
   899 | D        | Noticed a floating eye
   900 | D        | Killed a floating eye
   901 | D        | Reached XP level 7. HP: 59/59 MP: 8/12
   909 | D        | Reached skill level 8 in Invocations
   976 | D        | Noticed Duvessa
   976 | D        | Noticed Dowan
   976 | D        | Noticed a smoke demon
   992 | D        | Killed Duvessa
   995 | D        | Killed a smoke demon
   996 | D        | Reached skill level 9 in Invocations
   996 | D        | Gained mutation: A meltable icy envelope protects you from
                  | harm. (AC +0) [demonic ancestry]
   996 | D        | Reached XP level 8. HP: 47/68 MP: 8/14
   999 | D        | Killed Dowan
  1285 | D        | Noticed a small abomination
  1289 | D        | Killed a small abomination
  1289 | D        | Reached ****** piety under Qazlal
  1290 | D        | Reached skill level 1 in Axes
  1418 | D        | Noticed a small abomination
  1430 | D        | Reached skill level 10 in Invocations
  1431 | D        | Killed a small abomination
  1438 | D        | Reached XP level 9. HP: 59/75 MP: 16/16
  1634 | D        | Reached skill level 11 in Invocations
  1709 | D        | Noticed a komodo dragon
  1709 | D        | Noticed Pikel
  1710 | D        | Killed Pikel
  1713 | D        | Noticed a merfolk siren
  1717 | D        | Killed a komodo dragon
  1720 | D        | Killed a merfolk siren
  1721 | D        | Reached skill level 5 in Axes
  1721 | D        | Reached skill level 12 in Invocations
  1721 | D        | Gained mutation: Spells you cast may paralyse adjacent
                  | enemies. [demonic ancestry]
  1721 | D        | Reached XP level 10. HP: 83/85 MP: 3/19
  1772 | D        | Noticed Harold
  1781 | D        | Killed Harold
  1782 | D        | Reached skill level 10 in Fighting
  2090 | D        | Noticed a hell hog
  2091 | D        | Noticed an elephant
  2092 | D        | Noticed a hell hog
  2092 | D        | Noticed a guardian serpent
  2094 | D        | Noticed a hell hog
  2094 | D        | Noticed a hell hog
  2095 | D        | Killed a hell hog
  2095 | D        | Killed an elephant
  2096 | D        | Reached skill level 10 in Shields
  2099 | D        | Killed a hell hog
  2099 | D        | Killed a shadow wraith
  2100 | D        | Reached skill level 13 in Invocations
  2101 | D        | HP: 2/129 [guardian serpent/bolt of poison (19)]
  2102 | D        | Killed a hell hog
  2102 | D        | Succumbed to a guardian serpent's bolt of poison

Illustrated notes

Levels and vault maps discovered:
D:        pitsprint [storerooms_1, entrance_room_1, metal_vault_4, armoury_3,
          mini_pit_1, grid_room_1, main_hall_1, silver_pit, the_coven_1,
          the_vestibule_1, steel_vault_1, golden_pit, hallway_of_sentries,
          crystal_vault_2, iron_vault_3, final_vault]

Skill      XL: |  1  2  3  4  5  6  7  8  9 10 |
---------------+-------------------------------+-----
Long Blades    | 3 4 5 6 7 8 9 |  9.7
Fighting       | 4 5 6 7 8 9 10 | 10.8
Armour         | 3 4 5 6 7 8 9 |  9.9
Dodging        | 2 3 4 5 6 7 8 9 |  9.4
Shields        | 3 4 6 7 8 9 10 | 10.2
Invocations    | 3 5 7 9 10 12 13 | 13.1
Axes           | 3 5 6 |  6.5

Action                   |  1- 3 |  4- 6 |  7- 9 | 10-12 || total
-------------------------+-------+-------+-------+-------++-------
Melee: Long sword        |     9 |       |       |       ||     9
       Falchion          |     9 |    56 |    24 |       ||    89
       Headbutt          |     1 |    10 |    12 |     3 ||    26
       Broad axe         |       |       |    27 |    17 ||    44
Invok: Upheaval          |       |     2 |    12 |     5 ||    19
       Disaster Area     |       |       |       |     1 ||     1
  Use: Potion            |     1 |       |     1 |     2 ||     4
       Scroll            |       |       |       |     1 ||     1
Armor: Scale mail        |     7 |     2 |       |       ||     9
       Plate armour      |       |    15 |     4 |       ||    19
       Chain mail        |       |       |    24 |     7 ||    31
Dodge: Dodged            |     7 |    14 |    17 |    10 ||    48
Block: Buckler           |     4 |    38 |    66 |    24 ||   132

Table legend: (Time is in decaauts)
 A = Elapsed time spent in this place.
 B = Non-inter-level travel time spent in this place.
 C = Inter-level travel time spent in this place.
 D = Time resting spent in this place.
 E = Time spent auto-exploring this place.
 F = Levels seen in this place.
 G = Mean time per level.
                   A        B        C        D        E       F      G
               +--------+--------+--------+--------+--------+-----+--------+
         Total |   2145 |   2137 |      8 |   1528 |      0 |   1 | 2145.0 |
       Dungeon |   2145 |   2137 |      8 |   1528 |      0 |   1 | 2145.0 |
               +--------+--------+--------+--------+--------+-----+--------+

Top non-repeatable levels by time:
       D: 2145 daAuts
